 Dungeon Crawl Stone Soup version 0.28.0-53-g5a82cb258f (webtiles) character file.

Game seed: 18277498400097170195

1943 Sin92 the Poker (level 8, -8/63 HPs)
             Began as a Demonspawn Fighter on Aug 4, 2022.
             Was a Believer of Okawaru.
             Mangled by an orc knight
             ... wielding a +0 war axe
              (19 damage)
             ... in a bailey.
             The game lasted 00:12:01 (7015 turns).

Sin92 the Poker (Demonspawn Fighter)                Turns: 7015, Time: 00:12:01

Health: -8/63      AC: 12    Str: 16    XL:     8   Next: 98%
Magic:  8/8        EV: 15    Int: 10    God:    Okawaru [**....]
Gold:   333        SH: 10    Dex: 15    Spells: 7/7 levels left

rFire   + + .      SeeInvis .   q - +2 trident (venom)
rCold   x . .      Faith    .   c - +0 buckler
rNeg    . . .      Spirit   .   o - +1 fire dragon scales
rPois   .          Reflect  +   (no helmet)
rElec   .          Harm     .   j - +0 cloak
rCorr   .          Rampage  .   (no gloves)
Will    .....                   (boots unavailable)
Stlth   ..........              i - amulet of reflection
HPRegen 0.20/turn               (no ring)
MPRegen 0.11/turn               (no ring)

@: mighty, agile
A: hooves 3, powered by pain 2
a: Renounce Religion, Heroism


You were in a bailey.
You worshipped Okawaru.
Okawaru was pleased with you.
You visited 2 branches of the dungeon, and saw 8 of its levels.
You also visited: Bailey.

You collected 333 gold pieces.

Inventory:

Hand Weapons
 q - a +2 trident of venom (weapon)
Missiles
 b - 4 silver javelins
 k - a throwing net (quivered)
Armour
 c - a +0 buckler (worn)
 j - a +0 cloak (worn)
 o - +1 fire dragon scales (worn)
 p - a +0 pair of gloves
Jewellery
 i - an amulet of reflection (around neck)
Wands
 m - a wand of iceblast (5)
 n - a wand of paralysis (5)
 s - a wand of acid (15)
Scrolls
 g - 4 scrolls of teleportation
 r - 2 scrolls of blinking
Potions
 a - 2 potions of brilliance
 d - a potion of might
 e - a potion of haste
 f - a potion of mutation
 l - a potion of ambrosia
 t - a potion of invisibility
 u - 2 potions of curing
 x - 2 potions of resistance {unknown}


   Skills:
 + Level 5.5 Fighting
 * Level 6.0 Polearms
 + Level 5.0 Armour
 + Level 4.6 Dodging
 + Level 5.1 Shields


You had 7 spell levels left.
You didn't know any spells.
Your spell library contained the following spells:

 Spells                   Type           Power      Damage    Failure   Level
 Shock                    Conj/Air       0%         1d3       91%         1
 Ensorcelled Hibernation  Hex/Ice        0%         N/A       97%         2
 Passwall                 Tmut/Erth      0%         N/A       97%         2
 Swiftness                Air            0%         N/A       99%         3
 Airstrike                Air            0%         N/A       100%        4


Dungeon Overview and Level Annotations

Branches:
Dungeon (7/15)             Temple (1/1) D:4          Bailey (1/1)

Altars:
Ashenzari
Cheibriados
Dithmenos
Elyvilon
Fedhas
Gozag
Hepliaklqana
Kikubaaqudgha
Makhleb
Nemelex Xobeh
Okawaru
Ru
Sif Muna
Trog
Uskayaw
Vehumet
Wu Jian
Xom
Yredelemnul
Zin
The Shining One

Shops:
D:1 *   D:2 *

Annotations:
D:5 3 runed translucent doors, turdburglar's ghost, novice TrTm


Innate Abilities, Weirdness & Mutations

You have hooves in place of feet.
You sometimes gain power by taking damage.


Message History

You hit the orc knight but do no damage.
The orc knight looks as sick as possible!
Your kick misses the orc knight.
The orc knight is heavily wounded.
The goblin closely misses you.
The orc knight hits you with a +0 war axe!!
* * * LOW HITPOINT WARNING * * *
You focus on the pain.
You feel your power returning. You block the goblin's attack.
You hit the orc knight.
The orc knight looks as sick as possible!
Your kick misses the orc knight.
The orc knight is heavily wounded.
The goblin completely misses you. You block the orc knight's attack.
The goblin barely misses you.
You feel much better. The goblin barely misses you.
The orc knight closely misses you. You block the goblin's attack.
You closely miss the orc knight.
You kick the orc knight, but do no damage.
The orc knight is heavily wounded.
The goblin barely misses you.
The orc knight hits you with a +0 war axe!
You block the goblin's attack.
You hit the orc knight.
The orc knight looks as sick as possible!
Your kick misses the orc knight.
The orc knight is severely wounded.
The goblin barely misses you.
The orc knight hits you with a +0 war axe!
* * * LOW HITPOINT WARNING * * *
You focus on the pain.
You feel very mighty all of a sudden. The goblin barely misses you.
The goblin hits you but does no damage.
You hit the orc knight but do no damage.
The orc knight is severely wounded.
The orc knight closely misses you. You block the goblin's attack. x2
You hit the orc knight.
The orc knight is severely wounded.
The orc knight hits you with a +0 war axe!!
You die... ####### #.....# #.....# #..⌠..# +.@...+ +gog..+

#####'''#####
#...........#
######≈≈≈≈...≈≈≈≈######
≈≈≈≈≈≈≈≈≈≈...≈≈≈≈≈≈≈≈≈≈
≈≈≈≈≈≈≈≈≈≈...≈≈≈≈≈≈≈≈≈≈
≈≈≈≈≈≈≈≈≈≈...≈≈≈≈≈≈≈≈≈≈
≈≈≈≈≈≈≈≈≈≈...≈≈≈≈≈≈≈≈≈≈


You could see an orc knight (extremely poisoned) and 2 goblins.

Vanquished Creatures
  A steam dragon (D:4)
  Duvessa (D:6)
  A water moccasin (D:6)
  An orc warrior (D:7)
  A sky beast (D:7)
  A black bear (D:7)
  A necrophage (D:5)
  A centaur (D:6)
  A phantom (D:6)
  A scorpion (D:6)
  Dowan (D:6)
  3 wights
  A howler monkey (D:6)
  The ghost of unlimited1921 the Stinger, a weakling DsVM (D:3)
  2 centaur zombies
  3 jellies
  2 orc priests
  A gnoll shaman (D:7)
  2 hounds
  Jessica (D:2)
  3 iguanas
  An orc wizard (D:7)
  A hound skeleton (D:5)
  9 gnolls
  A howler monkey skeleton (D:6)
  12 adders
  A white imp (D:7)
  An ufetubus (D:4)
  A worm (D:5)
  3 dart slugs (D:1)
  18 orcs
  6 endoplasms
  2 giant cockroaches
  6 hobgoblins
  6 jackals
  8 quokkas
  6 ball pythons
  9 bats
  2 frilled lizards (D:3)
  9 goblins
  9 kobolds
  9 rats
150 creatures vanquished.

Vanquished Creatures (others)
  2 withered plants (D:3)
2 creatures vanquished.

Grand Total: 152 creatures vanquished

Notes
Turn   | Place    | Note
-------+----------+-------------------------------------------
     0 | D:1      | Sin92 the Demonspawn Fighter began the quest for the Orb.
     0 | D:1      | Reached XP level 1. HP: 18/18 MP: 1/1
   372 | D:1      | Gained mutation: You sometimes gain a little power by
                  | taking damage. [demonic ancestry]
   372 | D:1      | Reached XP level 2. HP: 24/24 MP: 2/2
   467 | D:1      | Reached skill level 2 in Polearms
   467 | D:1      | Reached skill level 1 in Dodging
   761 | D:1      | Gained mutation: You have large cloven feet. [demonic
                  | ancestry]
   761 | D:1      | Reached XP level 3. HP: 29/29 MP: 3/3
   795 | D:1      | Found Gudetet's General Store.
  1029 | D:2      | Identified the +2 robe of Conscience {-Cast rPois Dex+4
                  | SInv}
  1037 | D:2      | Noticed Jessica
  1051 | D:2      | Killed Jessica
  1052 | D:2      | Gained mutation: You have hoof-like feet. [demonic
                  | ancestry]
  1052 | D:2      | Reached XP level 4. HP: 34/35 MP: 4/4
  1266 | D:2      | Found a faded altar of an unknown god.
  1368 | D:2      | Found Zajogif's Assorted Antiques.
  2222 | D:3      | Noticed unlimited1921's ghost (weakling DsVM)
  2223 | D:3      | Found a runed translucent door.
  2233 | D:3      | Reached XP level 5. HP: 14/41 MP: 5/5
  2965 | D:3      | You fall into a shaft and drop 2 floors!
  2965 | D:5      | Entered Level 5 of the Dungeon
  2971 | D:5      | Found a runed translucent gate.
  2972 | D:5      | Found a runed translucent gate.
  2972 | D:5      | Found a runed translucent gate.
  2973 | D:5      | Found an opulent altar of Gozag.
  3074 | D:5      | HP: 1/61 [gnoll/+0 spear (5)]
  3524 | D:5      | Noticed a troll
  3524 | D:5      | Noticed turdburglar's ghost (novice TrTm)
  3526 | D:5      | Noticed an ogre
  3646 | D:5      | Noticed a necrophage
  3654 | D:5      | Killed a necrophage
  3655 | D:5      | Reached skill level 3 in Polearms
  3655 | D:5      | Reached XP level 6. HP: 48/48 MP: 6/6
  3809 | D:4      | Found a staircase to the Ecumenical Temple.
  3821 | Temple   | Entered the Ecumenical Temple
  3937 | Temple   | Became a worshipper of Warmaster Okawaru
  3984 | D:4      | Noticed a steam dragon
  3997 | D:4      | Killed a steam dragon
  4113 | D:4      | Gained mutation: You have hooves in place of feet. [demonic
                  | ancestry]
  4113 | D:4      | Reached XP level 7. HP: 51/54 MP: 7/7
  4496 | D:3      | Killed unlimited1921's ghost
  4497 | D:3      | Reached skill level 4 in Polearms
  5092 | D:5      | Reached * piety under Okawaru
  5322 | D:6      | Gained mutation: You sometimes gain power by taking damage.
                  | [demonic ancestry]
  5322 | D:6      | Reached XP level 8. HP: 20/61 MP: 8/8
  5468 | D:6      | Noticed Duvessa
  5470 | D:6      | Noticed Dowan
  5480 | D:6      | Killed Duvessa
  5480 | D:6      | Reached ** piety under Okawaru
  5481 | D:6      | Reached skill level 5 in Polearms
  5486 | D:6      | Reached skill level 5 in Fighting
  5490 | D:6      | Killed Dowan
  6738 | D:7      | Reached skill level 5 in Shields
  6750 | D:7      | Reached skill level 6 in Polearms
  6765 | D:7      | Reached skill level 5 in Armour
  6790 | D:7      | Found a flagged portal.
  6813 | Bailey   | Entered a bailey
  6989 | Bailey   | Noticed an orc knight
  7015 | Bailey   | Mangled by an orc knight

Illustrated notes

Levels and vault maps discovered:
D:1:      dpeg_arrival_boxes_within_box, layout_basic, serial_shops,
          nicolae_shop_hallway_plus
D:2:      layout_rooms, ebering_ecumenical_altar_sacrificial, serial_shops,
          nicolae_diamond_shop, kennysheep_jessica_study, uniq_jessica
D:3:      layout_basic, gammafunk_ghost_grave
D:4:      layout_cave_pools, minmay_temple_entry_drinking_statues,
          grunt_ministairs_1
D:5:      layout_basic, ebering_ghost_gozag
D:6:      layout_cave_pools, uniq_duvessa
D:7:      layout_basic, enter_bailey_3
Temple:   kilobyte_greek_temple
Bailey:   bailey_axe_of_yendor_kennysheep, bailey

Skill      XL: |  1  2  3  4  5  6  7  8 |
---------------+-------------------------+-----
Polearms       | 2 3 4 6 |  6.0
Dodging        | 1 2 3 4 |  4.6
Shields        | 3 4 5 |  5.1
Armour         | 3 4 5 |  5.0
Fighting       | 4 5 |  5.5

Action                   |  1- 3 |  4- 6 |  7- 9 || total
-------------------------+-------+-------+-------++-------
Melee: Trident           |   121 |   153 |   224 ||   498
       Kick              |    10 |    34 |    62 ||   106
Invok: Heroism           |       |       |     3 ||     3
  Use: Scroll            |       |     7 |     7 ||    14
       Potion            |       |     4 |     5 ||     9
Armor: Scale mail        |    48 |    23 |       ||    71
       Fire dragon scale |       |    23 |    81 ||   104
Dodge: Dodged            |    48 |    58 |    93 ||   199
Block: Buckler           |    15 |    65 |   106 ||   186
       Reflection        |       |       |     3 ||     3
